 Dungeon Crawl Stone Soup version 0.19.1-1-g22dce08 (webtiles) character file.

210 HEYYEYAAE the Chiller (level 5, -5/41 HPs)
             Began as a Draconian Ice Elementalist on Jan 12, 2017.
             Slain by Menkaure (17 damage)
             ... on level 4 of the Dungeon.
             The game lasted 00:04:00 (2819 turns).

HEYYEYAAE the Chiller (Draconian Ice Elementalist)  Turns: 2819, Time: 00:04:00

Health: -5/41      AC:  5    Str: 10    XL:     5   Next: 56%
Magic:  9/10       EV: 12    Int: 22    God:
Gold:   107        SH:  0    Dex: 11    Spells: 1 memorised, 10 levels left

rFire  . . .     SeeInvis .     j - +1 whip (vamp)
rCold  . . .     Gourm    .     (armour unavailable)
rNeg   . . .     Faith    .     (no shield)
rPois  .         Spirit   .     (helmet restricted)
rElec  .         Reflect  .     (no cloak)
rCorr  .         Harm     .     (no gloves)
MR     .....                    (no boots)
Stlth  ++........               (no amulet)
                                (no ring)
                                c - +5 ring of intelligence

@: very slightly contaminated
A: unfitting armour, cold-blooded, AC +5
a: no special abilities


You were on level 4 of the Dungeon.
You were not hungry.

You visited 1 branch of the dungeon, and saw 4 of its levels.

You collected 107 gold pieces.

Inventory:

Hand Weapons
 j - a +1 vampiric whip (weapon)
Missiles
 s - 43 bolts
Jewellery
 c - a +5 ring of intelligence (left hand)
Scrolls
 d - 2 scrolls of remove curse
 e - a scroll of enchant weapon {unknown}
 g - a scroll of identify
 i - 5 scrolls of magic mapping
Potions
 f - 2 potions of invisibility
 q - 2 potions of lignification
Books
 a - a book of Frost

   Spells                             Type                      Level
   a - Freeze                         Ice                          1
   b - Throw Frost                    Conjuration/Ice              2
   c - Ozocubu's Armour               Charms/Ice                   3
   d - Throw Icicle                   Conjuration/Ice              4
   e - Summon Ice Beast               Ice/Summoning                4
Comestibles
 b - a bread ration
 m - 3 fruits


   Skills:
 + Level 1.9 Fighting
 + Level 2.7 Dodging
 - Level 1.7 Stealth
 * Level 3.7 Spellcasting
   Level 1.0 Conjurations
 * Level 4.1 Ice Magic


You had 10 spell levels left.
You knew the following spells:

 Your Spells              Type           Power        Failure   Level  Hunger
a - Freeze                Ice            ###.         1%          1    None


Dungeon Overview and Level Annotations

Branches:
Dungeon (4/15)
 Temple: D:4-7

Altars:
Ashenzari
Fedhas
Hepliaklqana
Okawaru
Sif Muna
Trog
The Shining One

Annotations:
D:4 Menkaure


Innate Abilities, Weirdness & Mutations

Your plain brown scales are hard. (AC +5)
You cannot fit into any form of body armour.
You are cold-blooded and may be slowed by cold attacks.


Message History

Menkaure, Prince of Dust comes into view.
Menkaure shouts!
Menkaure is nearby!
Menkaure is nearby!
Menkaure is nearby!
Menkaure is nearby!
Menkaure calls on the powers of darkness!
Your body is wracked with pain!
You start resting.
Menkaure hits you!
* * * LOW HITPOINT WARNING * * *
Casting: Freeze
Confirm with . or Enter, or press ? or * to list all spells.
Aiming: Freeze
Press: ? - help, Shift-Dir - straight line, f - Menkaure
Aim: Menkaure You miscast Freeze.
You are very lightly contaminated with residual magic.
A chill runs through your body. Menkaure hits you!
You die...

##########
........M#
###########@#
#<..........#
##########..#
#..# #..#
#..# #..#
#..# #..#


You could see Menkaure.

Vanquished Creatures
  An orc priest (D:3)
  An iguana (D:3)
  Ijyb (D:2)
  Robin (D:2)
  An adder (D:2)
  3 gnolls (D:2)
  An ooze (D:1)
  2 worms (D:3)
  3 dart slugs
  3 orcs (D:3)
  4 giant cockroaches
  15 goblins
  5 hobgoblins
  3 ball pythons
  5 bats
  5 frilled lizards
  7 kobolds
  5 rats
66 creatures vanquished.

Notes
Turn   | Place    | Note
-------+----------+-------------------------------------------
     0 | D:1      | HEYYEYAAE the Draconian Ice Elementalist began the quest for the Orb.
     0 | D:1      | Reached XP level 1. HP: 14/14 MP: 3/3
   332 | D:1      | Reached XP level 2. HP: 11/22 MP: 1/5
   771 | D:2      | Reached XP level 3. HP: 21/27 MP: 4/6
  1118 | D:2      | Noticed Robin
  1333 | D:2      | Reached skill level 1 in Fighting
  1458 | D:2      | Noticed Ijyb
  1468 | D:2      | Killed Ijyb
  1468 | D:2      | Reached XP level 4. HP: 35/35 MP: 0/8
  1502 | D:2      | Killed Robin
  1613 | D:2      | Found a shattered altar of Ashenzari.
  1760 | D:2      | Found a blossoming altar of Fedhas.
  1950 | D:3      | Reached skill level 4 in Ice Magic
  1950 | D:3      | Reached XP level 5. HP: 38/41 MP: 6/10
  2304 | D:3      | Found a glowing golden altar of the Shining One.
  2307 | D:3      | Found a deep blue altar of Sif Muna.
  2316 | D:3      | Found an iron altar of Okawaru.
  2319 | D:3      | Found a hazy altar of Hepliaklqana.
  2376 | D:3      | Found a bloodstained altar of Trog.
  2807 | D:4      | Noticed Menkaure
  2819 | D:4      | Slain by Menkaure

Skill      XL: |  1  2  3  4 |
---------------+-------------+-----
Dodging        | 2 |  2.7
Fighting       | 1 |  1.9
Spellcasting   | 3 |  3.7
Ice Magic      | 4 |  4.1
Stealth        | |  1.7
Conjurations   | |  1.0

Action                   |  1- 3 |  4- 6 || total
-------------------------+-------+-------++-------
Melee: Unarmed           |   131 |    58 ||   189
       Tailslap          |     8 |     9 ||    17
       Whip              |       |    43 ||    43
 Cast: Freeze            |    50 |    24 ||    74
  Use: Scroll            |       |     6 ||     6
       Potion            |       |     6 ||     6
 Stab: Sleeping          |     1 |     2 ||     3
  Eat: Chunk             |     2 |     5 ||     7
       Bread ration      |       |     1 ||     1
Armor: Skin              |    64 |    40 ||   104
Dodge: Dodged            |   127 |    80 ||   207
